 Dungeon Crawl Stone Soup version 0.29.0-5-ge4962eb29e (webtiles) character file.

Game seed: 9192347396134224289

23 Plasmagod the Grasshopper (level 2, 0/14 HPs)
             Began as a Spriggan Warper on Aug 29, 2022.
             Slain by a gnoll
             ... wielding a +0 whip
              (4 damage)
             ... on level 3 of the Dungeon.
             The game lasted 00:03:21 (539 turns).

Plasmagod the Grasshopper (Spriggan Warper)          Turns: 539, Time: 00:03:21

Health: 0/14       AC:  2    Str:  7    XL:     2   Next: 75%
Magic:  6/6        EV: 17    Int: 14    God:
Gold:   65         SH:  0    Dex: 14    Spells: 6/6 levels left

rFire   . . .      SeeInvis +   a - +0 short sword
rCold   . . .      Faith    .   (no shield)
rNeg    . . .      Spirit   .   b - +0 robe
rPois   .          Reflect  .   (helmet restricted)
rElec   .          Harm     .   (no cloak)
rCorr   .          Rampage  .   (gloves unavailable)
Will    .....                   (boots unavailable)
Stlth   +++.......              (no amulet)
HPRegen 0.04/turn               (no ring)
MPRegen 0.10/turn               (no ring)

@: very quick
A: very small, no large weapons, unfitting armour, see invisible, speed 3
a: no special abilities


You were on level 3 of the Dungeon.
You visited 1 branch of the dungeon, and saw 3 of its levels.

You collected 65 gold pieces.

Inventory:

Hand Weapons
 a - a +0 short sword (weapon)
 e - a +0 dagger
Missiles
 d - 7 boomerangs of dispersal (quivered)
Armour
 b - a +0 robe (worn)
Jewellery
 f - a ring of ice
Scrolls
 c - a scroll of blinking
 h - a scroll of magic mapping {unknown}
Potions
 g - a potion of haste {unknown}


   Skills:
 - Level 1.5 Fighting
 - Level 2.1 Short Blades
 - Level 1.0 Throwing
 - Level 3.2 Dodging
 + Level 4.1 Stealth
 - Level 2.6 Spellcasting
 - Level 4.4 Translocations


You had 6 spell levels left.
You didn't know any spells.
Your spell library contained the following spells:

 Spells                   Type           Power      Damage    Failure   Level
 Blink                    Tloc           28%        N/A       5%          2
 Gell's Gravitas          Tloc           14%        N/A       11%         3
 Lesser Beckoning         Tloc           14%        N/A       11%         3
 Teleport Other           Tloc           14%        N/A       11%         3
 Manifold Assault         Tloc           14%        N/A       71%         5


Dungeon Overview and Level Annotations

Branches:
Dungeon (3/15)

Altars:
Xom

Annotations:
D:2 Terence


Innate Abilities, Weirdness & Mutations

You are very small and have problems with some larger weapons.
You are too small for most types of armour.
You have supernaturally acute eyesight. (SInv)
You cover ground extremely quickly. (Speed+++)


Message History

Found a ring mail.
An endoplasm comes into view.
Found 8 stones.
Found a stone staircase leading up.
A kobold comes into view. It is wielding a +0 short sword.
A kobold comes into view. It is wielding a +0 short sword.
A hobgoblin comes into view.
Found a stone staircase leading down.
A bat comes into view.
Found a stone staircase leading down.
Terence the Incautious comes into view.
He is wielding a +0 short sword and carrying a wand of light (1).
Terence shouts!
You hear a bark!
There is a stone staircase leading down here.
You climb downwards.
The hobgoblin shouts!
There is a stone staircase leading up here.
Found a leather armour.
You open the door.
A kobold and a ball python come into view.
Found a scroll labelled ZOSSIQ AKATT.
You close the door.
There is a stone staircase leading up here.
The helpless goblin fails to defend itself.
You puncture the goblin!
You kill the goblin!
A hobgoblin comes into view.
Found a shimmering altar of Xom.
The hobgoblin shouts!
A rat comes into view.
A gnoll comes into view. It is wielding a +0 whip.
The gnoll shouts!
A gnoll comes into view. It is wielding a +0 halberd.
A gnoll comes into view. It is wielding a +0 flail.
A gnoll comes into view. It is wielding a +0 halberd.
The gnoll shouts! x2
The rat misses you.
The gnoll shouts!
You hit the rat.
You kill the rat!
You hit the gnoll but do no damage. The gnoll hits you with a +0 whip.
You die...

######### ####.......###
##......g..g..#####
#...≈≈@≈≈...#...g.#
#..≈..≈g≈..≈..#.##.#
#..≈≈.....≈≈..#.##.#
....g..._........##.#####
...g≈≈.....≈≈..####g.....
...g≈..≈.≈..≈[.# #......
###...≈≈.≈≈...#####......
#......................
#............)..


You could see 4 gnolls and 2 hobgoblins.

Vanquished Creatures
  2 ball pythons (D:1)
  2 bats (D:1)
  3 endoplasms (D:1)
  2 giant cockroaches (D:1)
  A goblin (D:3)
  3 hobgoblins (D:1)
  2 quokkas (D:1)
  A kobold (D:1)
  4 rats
20 creatures vanquished.

Notes
Turn   | Place    | Note
-------+----------+-------------------------------------------
     0 | D:1      | Plasmagod the Spriggan Warper began the quest for the Orb.
     0 | D:1      | Reached XP level 1. HP: 10/10 MP: 5/5
    49 | D:1      | Reached skill level 1 in Stealth
   135 | D:1      | Reached XP level 2. HP: 14/14 MP: 6/6
   505 | D:2      | Noticed Terence
   528 | D:3      | Found a shimmering altar of Xom.
   539 | D:3      | Slain by a gnoll

Illustrated notes

Levels and vault maps discovered:
D:1:      lightli_arrival_quake, layout_rooms
D:2:      layout_loops_ring, shapermc_ecumenical_altar_acropolis, uniq_terence
D:3:      layout_rooms, mainiacjoe_overflow_small_starburst,
          kennysheep_flooded_box, kennysheep_generic_room_2,
          uniq_crazy_yiuf_cottage, uniq_sigmund

Skill      XL: |  1  2 |
---------------+-------+-----
Stealth        | 2 4 |  4.1
Fighting       | |  1.5
Short Blades   | |  2.1
Throwing       | |  1.0
Dodging        | |  3.2
Spellcasting   | |  2.6
Translocations | |  4.4

Action                   || total
-------------------------++-------
Melee: Short sword       ||    57
       Punch             ||     1
 Stab: Sleeping          ||     9
Armor: Robe              ||    17
Dodge: Dodged            ||    65
